 Dungeon Crawl Stone Soup version 0.18.1-6-gd335043 (webtiles) character file.

106 lightmor the Sneak (level 4, 0/21 HPs)
             Began as a Spriggan Enchanter on May 16, 2016.
             Killed from afar by an orc wizard (3 damage)
             ... with a magic dart
             ... on level 2 of the Dungeon.
             The game lasted 00:06:40 (2991 turns).

lightmor the Sneak (Spriggan Enchanter)             Turns: 2991, Time: 00:06:41

Health: 0/21       AC:  4    Str:  4    XL:     4   Next: 55%
Magic:  2/12       EV: 18    Int: 17    God:
Gold:   93         SH:  0    Dex: 16    Spells: 5 memorised, 1 level left

rFire  + . .     SeeInvis +     a - +1 dagger
rCold  + . .     Gourm    .     b - +1 robe
rNeg   . . .     Faith    .     (shield restricted)
rPois  +         Spirit   .     (helmet restricted)
rElec  +         Dismiss  .     m - +0 cloak
rCorr  +         Reflect  .     (gloves unavailable)
SustAt .         Harm     .     (boots unavailable)
MR     .....                    (no amulet)
Stlth  +++.......               (no ring)
                                (no ring)

@: exhausted, resistant, slowed, quick, not resistant to hostile enchantments,
fairly stealthy
A: unfitting armour, see invisible, herbivore 3, speed 3, slow metabolism 2
a: no special abilities


You were on level 2 of the Dungeon.
You were not hungry.

You visited 1 branch of the dungeon, and saw 3 of its levels.

You collected 93 gold pieces.

Inventory:

Hand Weapons
 a - a +1 dagger (weapon)
Armour
 b - a +1 robe (worn)
 m - a +0 cloak (worn)
Scrolls
 f - a scroll of remove curse {unknown}
 h - a scroll of magic mapping
 i - a scroll of enchant weapon {unknown}
 k - a scroll of fog {unknown}
Potions
 e - a potion of brilliance
 g - a potion of flight
 p - a potion of agility {unknown}
Books
 c - a book of Maledictions

   Spells                             Type                      Level
   a - Corona                         Hexes                        1
   b - Ensorcelled Hibernation        Hexes/Ice                    2
   c - Confuse                        Hexes                        3
   d - Tukima's Dance                 Hexes                        3
   e - Dazzling Spray                 Conjuration/Hexes            3
Comestibles
 d - 2 bread rations


   Skills:
 - Level 1.1 Short Blades
 - Level 3.0 Dodging
 + Level 5.6 Stealth
 * Level 5.3 Spellcasting
 - Level 3.6 Hexes


You had one spell level left.
You knew the following spells:

 Your Spells              Type           Power        Failure   Level  Hunger
a - Corona                Hex            ###....      3%          1    None
b - Ensorcelled Hibernat  Hex/Ice        ##....       12%         2    #......
c - Confuse               Hex            ###.....     12%         3    ##.....
d - Tukima's Dance        Hex            ###.....     12%         3    ##.....
e - Dazzling Spray        Conj/Hex       ##......     21%         3    ##.....


Dungeon Overview and Level Annotations

Branches:
Dungeon (3/15)

Altars:
Ashenzari


Innate Abilities, Weirdness & Mutations

You are tiny and cannot use many weapons and most armour.
You have supernaturally acute eyesight.
You are a herbivore.
You cover ground extremely quickly.
You need consume almost no food.


Message History

You feel yourself moving faster!
You feel mighty! The orc wizard misses you. The orc misses you.
Your magical contamination has completely faded away.
You closely miss the orc.
The orc is heavily wounded.
You completely miss the orc.
The orc is heavily wounded.
The orc wizard casts a spell.
The orc wizard blinks!
The orc hits you.
* * * LOW HITPOINT WARNING * * *
You hit the orc.
You kill the orc!
You feel a strong urge to attack something.
You feel your anger subside.
You are no longer berserk.
You pass out from exhaustion.
You feel yourself slow down.
You can move again.
The orc wizard casts a spell at you. The magic dart hits you!
You die...

#.#
#........>........
..#
#.##.##....####.##
### #.##.#####.#
#.## #.##.o.[.o.#
#...
#....#####.#######
####.##...)...###.
###...#.......##.#
#(....#.......###.
#@#...#.......# #.
#.#####.......# #.
#.# #....>..# #.
#.#####.......# #.
#.......####### #.
##.#####.# #.
#...####.# #.
#........# #.
#...#.##.# ######.


You could see an orc wizard.

Vanquished Creatures
  2 adders (D:2)
  2 oozes (D:1)
  3 giant geckos (D:1)
  3 orcs
  3 bats
  5 giant cockroaches
  7 goblins
  5 hobgoblins
  14 jackals
  4 giant newts
  9 kobolds
  9 rats
66 creatures vanquished.

Notes
Turn   | Place    | Note
--------------------------------------------------------------
     0 | D:1      | lightmor the Spriggan Enchanter began the quest for the Orb.
     0 | D:1      | Reached XP level 1. HP: 9/9 MP: 5/5
    87 | D:1      | Reached XP level 2. HP: 5/13 MP: 7/7
   276 | D:1      | Learned a level 2 spell: Ensorcelled Hibernation
   619 | D:1      | Found a shattered altar of Ashenzari.
   623 | D:1      | Reached skill level 5 in Stealth
   987 | D:1      | Reached XP level 3. HP: 15/16 MP: 9/9
   992 | D:1      | Learned a level 3 spell: Confuse
   996 | D:1      | Learned a level 3 spell: Tukima's Dance
  2327 | D:2      | Reached XP level 4. HP: 21/21 MP: 6/11
  2370 | D:2      | Learned a level 3 spell: Dazzling Spray
  2472 | D:2      | Reached skill level 5 in Spellcasting
  2991 | D:2      | Killed from afar by an orc wizard

Skill      XL: |  1  2  3  4 |
---------------+-------------+-----
Spellcasting   | 3 4 5 |  5.3
Stealth        | 5 |  5.6
Short Blades   | |  1.1
Dodging        | |  3.0
Hexes          | |  3.6

Action                   |  1- 3 |  4- 6 || total
-------------------------+-------+-------++-------
Melee: Dagger            |   302 |   105 ||   407
 Cast: Ensorcelled Hiber |     8 |     6 ||    14
  Use: Scroll            |     2 |     2 ||     4
       Potion            |     1 |     2 ||     3
 Stab: Sleeping          |    12 |     7 ||    19
  Eat: Fruit             |       |     3 ||     3
Armor: Robe              |    36 |     9 ||    45
Dodge: Dodged            |   259 |    95 ||   354
